 Dungeon Crawl Stone Soup version 0.30-a0-860-g512cf1e979 (webtiles) character file.

Game seed: 3560317219427173414

1061 browni3141 the Sneak (level 8, -6/46 HPs)
             Began as a Kobold Artificer on Mar 7, 2023.
             Was an Initiate of Gozag.
             Mangled by Prince Ribbit (12 damage)
             ... on level 5 of the Dungeon.
             The game lasted 00:07:47 (3837 turns).

browni3141 the Sneak (Kobold Artificer)             Turns: 3837, Time: 00:07:48

Health: -6/46      AC:  6    Str:  7    XL:     8   Next: 52%
Magic:  8/8        EV: 18    Int: 17    God:    Gozag
Gold:   263        SH:  0    Dex: 19    Spells: 7/7 levels left

rFire   + + .      SeeInvis .    b - +2 short sword "Favav" {venom, rF+ rC+ Int-3 Dex+3}
rCold   + + .      Faith    .    (no shield)
rNeg    . . .      Spirit   .    C - +0 ring mail {rC+}
rPois   .          Reflect  .    B - +0 helmet
rElec   .          Rampage  .    (no cloak)
rCorr   .          Clarity  +    (no gloves)
Will    .....                    (no boots)
Stlth   ++++                     (no amulet)
HPRegen 0.27/turn                j - +5 ring of evasion
MPRegen 0.11/turn                h - ring of protection from fire

@: gold aura
A: small, no large weapons, nightstalker 3, clarity, clever 2
a: Renounce Religion, Potion Petition, Call Merchant, Bribe Branch


You were on level 5 of the Dungeon.
You worshipped Gozag.
Gozag was aware of your devotion.
You visited 2 branches of the dungeon, and saw 6 of its levels.

You collected 331 gold pieces.
You paid 68 gold pieces to Gozag.

Inventory:

Hand Weapons
 a - a +2 whip of flaming
 b - the +2 short sword "Favav" (weapon) {venom, rF+ rC+ Int-3 Dex+3}
   (You found it on level 2 of the Dungeon)

   Int:       It affects your intelligence (-3).
   Dex:       It affects your dexterity (+3).
   rF:        It protects you from fire.
   rC:        It protects you from cold.
 g - a +0 club
 s - a +0 short sword of venom
 x - a +3 whip
 A - a +1 mace of venom
 G - a +2 flail of holy wrath
Missiles
 r - 5 atropa-tipped darts
Armour
 t - a +0 leather armour
 B - a +0 helmet (worn)
 C - a +0 ring mail of cold resistance (worn)
Jewellery
 h - a ring of protection from fire (right hand)
 j - a +5 ring of evasion (left hand)
Wands
 c - a wand of flame (13) (quivered)
 d - a wand of charming (11)
 e - a wand of iceblast (1)
Scrolls
 n - 5 scrolls of identify {unknown}
 o - a scroll of fog {unknown}
 p - a scroll of summoning {unknown}
 v - a scroll of teleportation {unknown}
 w - a scroll of enchant armour {unknown}
 y - a scroll of blinking {unknown}
 z - a scroll of fear {unknown}
 D - a scroll of enchant weapon {unknown}
 I - a scroll of torment {unknown}
Potions
 f - 2 potions of mutation
 i - 2 potions of berserk rage {unknown}
 k - a potion of magic {unknown}
 l - a potion of lignification {unknown}
 m - a potion of heal wounds
 q - a potion of degeneration {unknown}
 u - a potion of invisibility {unknown}
 E - 2 potions of attraction {unknown}
 F - a potion of curing {unknown}
 H - a potion of resistance {unknown}


   Skills:
 - Level 3.0 Fighting
 + Level 5.8 Maces & Flails
 - Level 2.0 Armour
 - Level 4.0 Dodging
 - Level 6.0 Stealth
 - Level 5.0 Evocations


You had 7 spell levels left.
You didn't know any spells.
Your spell library contained the following spells:

 Spells                   Type           Power      Damage    Failure   Level
 Beastly Appendage        Tmut           0%         N/A       61%         1
 Ensorcelled Hibernation  Hex/Ice        0%         N/A       75%         2
 Spider Form              Tmut/Pois      0%         N/A       93%         3
 Anguish                  Hex/Necr       0%         N/A       100%        4


Dungeon Overview and Level Annotations

Branches:
Dungeon (5/15)             Temple (1/1) D:4

Altars:
Ashenzari
Cheibriados
Dithmenos
Fedhas
Gozag
Kikubaaqudgha
Qazlal
Ru
Sif Muna
Trog
Vehumet
Wu Jian
Yredelemnul
Zin
The Shining One

Shops:
D:2 !   D:3 (   D:4 ((

Annotations:
D:5 Prince Ribbit


Innate Abilities, Weirdness & Mutations

You are small and have problems with some larger weapons.
You are completely attuned to the shadows.
You possess an exceptional clarity of mind.
Your mind is very acute. (Int +8, Str/Dex -2)


Message History

Prince Ribbit is lightly wounded.
Prince Ribbit lets out a mournful croak.
Prince Ribbit misses you.
You puncture Prince Ribbit!
Prince Ribbit looks as sick as possible!
Prince Ribbit is heavily wounded.
Prince Ribbit blinks! x2
Unknown command.
You hit the orc but do no damage. The orc completely misses you.
You barely miss the orc. The orc barely misses you.
Prince Ribbit blinks!
You hit Prince Ribbit.
Prince Ribbit is heavily wounded.
Prince Ribbit hits you. The orc closely misses you.
You completely miss the orc. Prince Ribbit barely misses you.
The orc barely misses you.
You hit the orc.
The orc is poisoned.
The orc is moderately wounded.
Prince Ribbit hits you!
Prince Ribbit blinks!
The orc misses you.
You hit the orc.
You kill the orc!
Prince Ribbit blinks!
You hit Prince Ribbit.
Prince Ribbit is severely wounded.
Prince Ribbit misses you.
Prince Ribbit blinks!
You miss Prince Ribbit.
Prince Ribbit is severely wounded.
Prince Ribbit is distracted by your dazzling golden aura.
You closely miss Prince Ribbit.
Prince Ribbit is no longer distracted by gold.
Prince Ribbit gives a loud, deep croak!
Prince Ribbit is almost dead.
Prince Ribbit hits you!
* * * LOW HITPOINT WARNING * * *
Prince Ribbit hits you.
* * * LOW HITPOINT WARNING * * *
You closely miss Prince Ribbit.
Prince Ribbit is almost dead.
Prince Ribbit hits you!
You die...
Your body crumbles into a pile of gold.

#.. $
#.# #.#
# #F##
#.##@.#
#.....##
##.#...#
#.#._.#
#.....#
##.#.##
#...#
#..##
##.#


You could see Prince Ribbit (very poisoned).

Vanquished Creatures
  A two-headed ogre (D:4)
  Edmund (D:4)
  A scorpion (D:4)
  3 hounds
  An orc wizard (D:3)
  Robin (D:3)
  A gnoll (D:3)
  7 adders
  A white imp (D:3)
  A worm (D:3)
  3 dart slugs
  5 orcs
  8 endoplasms
  12 giant cockroaches
  15 goblins
  8 hobgoblins
  8 kobolds
  9 quokkas
  7 ball pythons
  A bat (D:2)
  4 frilled lizards
  A rat (D:3)
99 creatures vanquished.

Vanquished Creatures (others)
  A goblin (D:2)
1 creature vanquished.

Grand Total: 100 creatures vanquished

Notes
Turn   | Place    | Note
-------+----------+-------------------------------------------
     0 | D:1      | browni3141 the Kobold Artificer began the quest for the
                  | Orb.
     0 | D:1      | Reached XP level 1. HP: 12/12 MP: 1/1
   184 | D:1      | Reached skill level 2 in Stealth
   232 | D:1      | Reached XP level 2. HP: 16/16 MP: 2/2
   241 | D:1      | Reached skill level 3 in Stealth
  1010 | D:2      | Found a blossoming altar of Fedhas.
  1093 | D:2      | Reached skill level 4 in Stealth
  1093 | D:2      | Reached XP level 3. HP: 18/20 MP: 3/3
  1102 | D:2      | Found Diamyss's Distillery.
  1135 | D:2      | Reached skill level 1 in Maces & Flails
  1268 | D:2      | HP: 1/20 [kobold/+0 whip (5)]
  1269 | D:2      | Gained mutation: Your mind is acute. (Int +4, Str/Dex -1)
                  | [potion of mutation]
  1269 | D:2      | Gained mutation: You possess an exceptional clarity of
                  | mind. [potion of mutation]
  1269 | D:2      | Gained mutation: Your mind is very acute. (Int +8, Str/Dex
                  | -2) [potion of mutation]
  1367 | D:2      | Identified the +2 short sword "Favav" {venom, rF+ rC+ Int-3
                  | Dex+3}
  1411 | D:2      | Reached XP level 4. HP: 25/25 MP: 4/4
  1756 | D:2      | Found a faded altar of an unknown god.
  1945 | D:3      | Found an ancient bone altar of Kikubaaqudgha.
  2098 | D:3      | Identified the +7 long sword "Weofruad" {heavy, Dex+5}
  2279 | D:3      | Reached skill level 1 in Armour
  2286 | D:3      | Noticed Robin
  2298 | D:3      | Killed Robin
  2299 | D:3      | Reached XP level 5. HP: 17/29 MP: 5/5
  2620 | D:3      | Found Korue's Antique Weapon Boutique.
  2644 | D:3      | Found a bloodstained altar of Trog.
  2665 | D:3      | Found a shimmering blue altar of Sif Muna.
  2672 | D:3      | Got Sif Muna's Folio of Variation
  2818 | D:4      | Reached XP level 6. HP: 11/35 MP: 6/6
  3011 | D:4      | Found Xynuzuiw's Weapon Shop.
  3068 | D:4      | Found a staircase to the Ecumenical Temple.
  3084 | Temple   | Entered the Ecumenical Temple
  3141 | Temple   | Became a worshipper of Gozag Ym Sagoz the Greedy
  3160 | D:4      | Found Feuth's Weapon Boutique.
  3256 | D:4      | Noticed a two-headed ogre
  3283 | D:4      | Killed a two-headed ogre
  3284 | D:4      | Reached skill level 6 in Stealth
  3284 | D:4      | Reached skill level 5 in Evocations
  3284 | D:4      | Reached XP level 7. HP: 41/41 MP: 7/7
  3284 | D:4      | Reached XP level 8. HP: 46/46 MP: 8/8
  3448 | D:4      | Noticed Edmund
  3461 | D:4      | Killed Edmund
  3462 | D:4      | Reached skill level 5 in Maces & Flails
  3740 | D:5      | Entered Level 5 of the Dungeon
  3806 | D:5      | Found an ornate altar of the Wu Jian Council.
  3820 | D:5      | Noticed Prince Ribbit
  3837 | D:5      | Mangled by Prince Ribbit

Illustrated notes

Levels and vault maps discovered:
D:1:      dpeg_chamrin_arrival_tetris, layout_basic
D:2:      minmay_door_path, layout_basic, serial_shops, shop,
          nicolae_ecumenical_lake_church, basic_altar, minmay_split_cup_small
D:3:      minmay_roachtagon, layout_rooms,
          nzn_overflow_gifts_of_might_and_magic, kiku_gazebo_pond_becter,
          serial_shops, shop, uniq_robin
D:4:      layout_cave_pools, minmay_temple_entry_slanted, serial_shops,
          nicolae_shop_bloodbath_and_beyond, shop, uniq_edmund
D:5:      layout_rooms, makhleb_grotto_becter,
          mainiacjoe_overflow_catch_the_wave, uniq_prince_ribbit1
Temple:   nicolae_temple_ecumenical_triangle

Skill      XL: |  1  2  3  4  5  6  7  8 |
---------------+-------------------------+-----
Stealth        | 2 4 6 |  6.0
Maces & Flails | 1 2 3 4 5 |  5.8
Armour         | 1 2 |  2.0
Evocations     | 4 5 |  5.0
Dodging        | 3 4 |  4.0
Fighting       | 2 3 |  3.0

Action                     |  1- 3 |  4- 6 |  7- 9 || total
---------------------------+-------+-------+-------++-------
  Melee: Club              |    16 |       |       ||    16
         Whip              |    52 |   100 |       ||   152
         Punch             |     2 |       |       ||     2
         Short sword       |       |    69 |    48 ||   117
  Evoke: Wand              |     6 |     3 |     1 ||    10
    Use: Potion            |     2 |       |       ||     2
   Stab: Sleeping          |    12 |    18 |     5 ||    35
 Armour: Leather armour    |    14 |     9 |       ||    23
         Ring mail         |       |     5 |     2 ||     7
  Dodge: Dodged            |    69 |   118 |    28 ||   215

Table legend: (Time is in decaauts)
 A = Elapsed time spent in this place.
 B = Non-inter-level travel time spent in this place.
 C = Inter-level travel time spent in this place.
 D = Time resting spent in this place.
 E = Time spent auto-exploring this place.
 F = Levels seen in this place.
 G = Mean time per level.
                   A        B        C        D        E       F      G
               +--------+--------+--------+--------+--------+-----+--------+
         Total |   3841 |   3707 |    134 |    221 |   2676 |   6 |  640.2 |
       Dungeon |   3778 |   3648 |    130 |    221 |   2638 |   5 |  755.6 |
        Temple |     62 |     58 |      4 |      0 |     38 |   1 |   62.0 |
               +--------+--------+--------+--------+--------+-----+--------+

Top non-repeatable levels by time:
     D:3: 1017 daAuts
     D:1: 1014 daAuts
     D:2: 889 daAuts
     D:4: 759 daAuts
     D:5: 96 daAuts
  Temple: 62 daAuts
